TOP OF THE 1ST |
Mt Pleasant Bearcats batting - Pitching for Reading Rainbows : LHP Tomás López
|
Pitching: LHP Tomás López
|
|
Batting: RHB Ryosei Yamamoto
|
0-0: Ball 1-0: Ball 2-0: Called Strike 2-1: Ball 3-1: Bunted foul 3-2: Foul Ball, location: 2F 3-2: SINGLE (Line Drive, 89S)
|
Batting: RHB Ichizo Akiyama
|
0-0: Ball 1-0: Called Strike 1-1: Called Strike 1-2: Fly out, F7 (Flyball, 7S)
|
Batting: RHB Felipe Rego
|
0-0: Ball Ryosei Yamamoto steals 2nd base 1-0: Ball 2-0: Called Strike 2-1: SINGLE (Groundball, 6MD) Ryosei Yamamoto to third
|
Batting: LHB Robert Moore
|
0-0: Fly out, F8 (Flyball, 8RD) Runner from 3rd tags up, SCORES, no throw
|
Batting: RHB Raúl Bauza
|
0-0: Ball 1-0: Foul Ball, location: 2F 1-1: Called Strike 1-2: Hit by Pitch Felipe Rego to second
|
Batting: RHB Jesús Ramírez
|
0-0: Ball 1-0: Ground out 5-3 (Groundball, 56)
|
Top of the 1st over - 1 run(s), 2 hit(s), 0 error(s), 2 left on base; Mt Pleasant 1 - Reading 0 |
BOTTOM OF THE 1ST |
Reading Rainbows batting - Pitching for Mt Pleasant Bearcats : RHP Tim Hill
|
Pitching: RHP Tim Hill
|
|
Batting: LHB Miguel Colón
|
0-0: Ball 1-0: Ball 2-0: Foul Ball, location: 2F 2-1: Foul Ball, location: 2F 2-2: Foul Ball, location: 2F 2-2: Ground out 6-3 (Groundball, 6M)
|
Batting: RHB Ron King
|
0-0: Swinging Strike 0-1: Ball 1-1: Fly out, F8 (Flyball, 8RM)
|
Batting: RHB Dan Banks
|
0-0: Foul Ball, location: 2F 0-1: Called Strike 0-2: Ball 1-2: Strikes out looking
|
Bottom of the 1st over - 0 run(s), 0 hit(s), 0 error(s), 0 left on base; Mt Pleasant 1 - Reading 0 |
TOP OF THE 2ND |
Mt Pleasant Bearcats batting - Pitching for Reading Rainbows : LHP Tomás López
|
Batting: RHB Ricardo Salazar
|
0-0: Foul Ball, location: 2F 0-1: Ball 1-1: Ball 2-1: Ball 3-1: Base on Balls
|
Batting: RHB Pat Fernández
|
0-0: Ball 1-0: Swinging Strike 1-1: Swinging Strike 1-2: Strikes out swinging
|
Batting: RHB Nicoli Turina
|
0-0: Called Strike 0-1: Called Strike 0-2: Ball Ricardo Salazar is caught stealing 2nd base 1-2: Strikes out looking
|
Top of the 2nd over - 0 run(s), 0 hit(s), 0 error(s), 0 left on base; Mt Pleasant 1 - Reading 0 |
BOTTOM OF THE 2ND |
Reading Rainbows batting - Pitching for Mt Pleasant Bearcats : RHP Tim Hill
|
Batting: RHB Germano Labrego
|
0-0: Called Strike 0-1: Called Strike 0-2: Foul Ball, location: 2F 0-2: Strikes out looking
|
Batting: LHB Shane Lynch
|
0-0: Ball 1-0: Ball 2-0: Ball 3-0: Base on Balls
|
Batting: RHB Albert Lutz
|
0-0: Called Strike Shane Lynch steals 2nd base 0-1: Ball 1-1: Ball 2-1: DOUBLE (Line Drive, 9LS) Shane Lynch scores
|
Batting: LHB Alfonso Ruíz
|
0-0: Foul Ball, location: 2F 0-1: Swinging Strike 0-2: Ball 1-2: Ball 2-2: Foul Ball, location: 2F 2-2: Ground out 6-3 (Groundball, 6M) Albert Lutz to third
|
Batting: LHB Wally Coker
|
0-0: Called Strike 0-1: Foul Ball, location: 2F 0-2: Strikes out swinging
|
Bottom of the 2nd over - 1 run(s), 1 hit(s), 0 error(s), 1 left on base; Mt Pleasant 1 - Reading 1 |
TOP OF THE 3RD |
Mt Pleasant Bearcats batting - Pitching for Reading Rainbows : LHP Tomás López
|
Batting: RHB Ryosei Yamamoto
|
0-0: Fly out, F4 (Popup, 3DF)
|
Batting: RHB Ichizo Akiyama
|
0-0: Foul Ball, location: 2F 0-1: Foul Ball, location: 2F 0-2: Ball 1-2: Fly out, F9 (Flyball, 89M)
|
Batting: RHB Felipe Rego
|
0-0: Ground out 6-3 (Groundball, 6)
|
Top of the 3rd over - 0 run(s), 0 hit(s), 0 error(s), 0 left on base; Mt Pleasant 1 - Reading 1 |
BOTTOM OF THE 3RD |
Reading Rainbows batting - Pitching for Mt Pleasant Bearcats : RHP Tim Hill
|
Batting: RHB Donald Sanford
|
0-0: Ball 1-0: Foul Ball, location: 2F 1-1: Called Strike 1-2: Strikes out swinging
|
Batting: LHB Miguel Colón
|
0-0: Ball 1-0: Foul Ball, location: 2F 1-1: Ground out U3 (Groundball, 3S)
|
Batting: RHB Ron King
|
0-0: Ball 1-0: Ground out 6-3 (Groundball, 6)
|
Bottom of the 3rd over - 0 run(s), 0 hit(s), 0 error(s), 0 left on base; Mt Pleasant 1 - Reading 1 |
TOP OF THE 4TH |
Mt Pleasant Bearcats batting - Pitching for Reading Rainbows : LHP Tomás López
|
Batting: LHB Robert Moore
|
0-0: Called Strike 0-1: Foul Ball, location: 2F 0-2: Ball 1-2: Ball 2-2: Fly out, F4 (Line Drive, 4M)
|
Batting: RHB Raúl Bauza
|
0-0: Swinging Strike 0-1: Fly out, F9 (Flyball, 89M)
|
Batting: RHB Jesús Ramírez
|
0-0: Fly out, F8 (Flyball, 8RM)
|
Top of the 4th over - 0 run(s), 0 hit(s), 0 error(s), 0 left on base; Mt Pleasant 1 - Reading 1 |
BOTTOM OF THE 4TH |
Reading Rainbows batting - Pitching for Mt Pleasant Bearcats : RHP Tim Hill
|
Batting: RHB Dan Banks
|
0-0: Called Strike 0-1: Swinging Strike 0-2: Ball 1-2: Ball 2-2: Strikes out swinging
|
Batting: RHB Germano Labrego
|
0-0: Called Strike 0-1: Fly out, F9 (Flyball, 9LM)
|
Batting: LHB Shane Lynch
|
0-0: Fly out, F3 (Line Drive, 3S)
|
Bottom of the 4th over - 0 run(s), 0 hit(s), 0 error(s), 0 left on base; Mt Pleasant 1 - Reading 1 |
TOP OF THE 5TH |
Mt Pleasant Bearcats batting - Pitching for Reading Rainbows : LHP Tomás López
|
Batting: RHB Ricardo Salazar
|
0-0: Fly out, F7 (Flyball, 78S)
|
Batting: RHB Pat Fernández
|
0-0: Ball 1-0: Foul Ball, location: 2F 1-1: Ball 2-1: Foul Ball, location: 2F 2-2: Foul Ball, location: 2F 2-2: Foul Ball, location: 2F 2-2: Strikes out swinging
|
Batting: RHB Nicoli Turina
|
0-0: Foul Ball, location: 2F 0-1: Called Strike 0-2: Strikes out swinging
|
Top of the 5th over - 0 run(s), 0 hit(s), 0 error(s), 0 left on base; Mt Pleasant 1 - Reading 1 |
BOTTOM OF THE 5TH |
Reading Rainbows batting - Pitching for Mt Pleasant Bearcats : RHP Tim Hill
|
Batting: RHB Albert Lutz
|
0-0: Ball 1-0: Ground out 1-3 (Groundball, 13)
|
Batting: LHB Alfonso Ruíz
|
0-0: Fly out, F7 (Popup, 7S)
|
Batting: LHB Wally Coker
|
0-0: Foul Ball, location: 2F 0-1: SINGLE (Groundball, 34S)
|
Batting: RHB Donald Sanford
|
0-0: Ball 1-0: Called Strike 1-1: Ball 2-1: Fly out, F6 (Line Drive, 6)
|
Bottom of the 5th over - 0 run(s), 1 hit(s), 0 error(s), 1 left on base; Mt Pleasant 1 - Reading 1 |
TOP OF THE 6TH |
Mt Pleasant Bearcats batting - Pitching for Reading Rainbows : LHP Tomás López
|
Batting: RHB Ryosei Yamamoto
|
0-0: Bunt for hit - play at first, batter OUT! 1-3
|
Batting: RHB Ichizo Akiyama
|
0-0: Foul Ball, location: 2F 0-1: Bunt missed! 0-2: Ball 1-2: Ball 2-2: Foul Ball, location: 2F 2-2: SINGLE (Groundball, 3D)
|
Batting: RHB Felipe Rego
|
0-0: Called Strike 0-1: Ball 1-1: Foul Ball, location: 2F 1-2: Ball 2-2: Ball 3-2: Base on Balls Ichizo Akiyama to second
|
Batting: LHB Robert Moore
|
0-0: Swinging Strike 0-1: Ball 1-1: Ball Felipe Rego steals 2nd base Ichizo Akiyama to third 2-1: Foul Ball, location: 2F 2-2: Foul Ball, location: 2F 2-2: Strikes out swinging
|
Batting: RHB Raúl Bauza
|
0-0: Ball 1-0: Called Strike 1-1: Ball 2-1: Foul Ball, location: 2F 2-2: Strikes out swinging
|
Top of the 6th over - 0 run(s), 1 hit(s), 0 error(s), 2 left on base; Mt Pleasant 1 - Reading 1 |
BOTTOM OF THE 6TH |
Reading Rainbows batting - Pitching for Mt Pleasant Bearcats : RHP Tim Hill
|
Batting: LHB Miguel Colón
|
0-0: Ball 1-0: Ball 2-0: Ball 3-0: Called Strike 3-1: Foul Ball, location: 2F 3-2: SINGLE (Line Drive, 78M)
|
Batting: RHB Ron King
|
0-0: Called Strike 0-1: Foul Ball, location: 2F 0-2: Strikes out swinging
|
Batting: RHB Dan Banks
|
0-0: Foul Ball, location: 2F 0-1: Ball 1-1: Ball 2-1: Foul Ball, location: 2F 2-2: Foul Ball, location: 2F 2-2: Grounds into double play, 5-4-3 (Groundball, 5)
|
Bottom of the 6th over - 0 run(s), 1 hit(s), 0 error(s), 0 left on base; Mt Pleasant 1 - Reading 1 |
TOP OF THE 7TH |
Mt Pleasant Bearcats batting - Pitching for Reading Rainbows : LHP Tomás López
|
Pitching: LHP Robby Hall
|
|
Batting: RHB Jesús Ramírez
|
0-0: Called Strike 0-1: Ball 1-1: Called Strike 1-2: Ball 2-2: Foul Ball, location: 2F 2-2: Foul Ball, location: 2F 2-2: Ball 3-2: Foul Ball, location: 2F 3-2: SINGLE (Groundball, 6MD)
|
Batting: RHB Ricardo Salazar
|
0-0: Foul Ball, location: 2F 0-1: Sac Bunt - play at second, runner OUT! 1-6
|
Batting: RHB Pat Fernández
|
0-0: Ball Ricardo Salazar steals 2nd base 1-0: Intentional Walk
|
Batting: RHB Nicoli Turina
|
0-0: Ball 1-0: Ball 2-0: Ball 3-0: Base on Balls Ricardo Salazar to third Pat Fernández to second
|
Batting: RHB Ryosei Yamamoto
|
0-0: Swinging Strike 0-1: Ball 1-1: Ball 2-1: Swinging Strike 2-2: Strikes out looking
|
Batting: RHB Ichizo Akiyama
|
0-0: Ball 1-0: Foul Ball, location: 2F 1-1: Called Strike 1-2: Strikes out looking
|
Top of the 7th over - 0 run(s), 1 hit(s), 0 error(s), 3 left on base; Mt Pleasant 1 - Reading 1 |
BOTTOM OF THE 7TH |
Reading Rainbows batting - Pitching for Mt Pleasant Bearcats : RHP Tim Hill
|
Batting: RHB Germano Labrego
|
0-0: Ball 1-0: Called Strike 1-1: Ball 2-1: Foul Ball, location: 2F 2-2: Fly out, F8 (Flyball, 8LXD)
|
Batting: LHB Shane Lynch
|
0-0: Fly out, F9 (Line Drive, 9D)
|
Batting: RHB Albert Lutz
|
0-0: Ball 1-0: Foul Ball, location: 2F 1-1: Ball 2-1: Fly out, F9 (Flyball, 89S)
|
Bottom of the 7th over - 0 run(s), 0 hit(s), 0 error(s), 0 left on base; Mt Pleasant 1 - Reading 1 |
TOP OF THE 8TH |
Mt Pleasant Bearcats batting - Pitching for Reading Rainbows : LHP Robby Hall
|
Batting: RHB Felipe Rego
|
0-0: SOLO HOME RUN (Flyball, 78XD), Distance : 404 ft
|
Batting: LHB Robert Moore
|
0-0: Foul Ball, location: 2F 0-1: Ball 1-1: Fly out, F8 (Flyball, 89D)
|
Batting: RHB Raúl Bauza
|
0-0: Foul Ball, location: 2F 0-1: Swinging Strike 0-2: Ball 1-2: Foul Ball, location: 2F 1-2: Ball 2-2: Ball 3-2: Strikes out swinging
|
Pitching: RHP Chris Lee
|
|
Batting: RHB Jesús Ramírez
|
0-0: Ball 1-0: Swinging Strike 1-1: Ball 2-1: Ball 3-1: Fly out, F9 (Flyball, 9M)
|
Top of the 8th over - 1 run(s), 1 hit(s), 0 error(s), 0 left on base; Mt Pleasant 2 - Reading 1 |
BOTTOM OF THE 8TH |
Reading Rainbows batting - Pitching for Mt Pleasant Bearcats : RHP Tim Hill
|
Pitching: RHP Sancho Mendoza
|
|
Batting: LHB Alfonso Ruíz
|
0-0: Ball 1-0: Called Strike 1-1: Ball 2-1: Ball 3-1: Base on Balls
|
Pitching: LHP Félix García
|
|
Batting: LHB Wally Coker
|
0-0: Grounds into double play, 4-6-3 (Groundball, 4)
|
Pitching: LHP José Chávez
|
|
Batting: RHB Donald Sanford
|
0-0: Ball 1-0: Fly out, F2 (Popup, 25F)
|
Bottom of the 8th over - 0 run(s), 0 hit(s), 0 error(s), 0 left on base; Mt Pleasant 2 - Reading 1 |
TOP OF THE 9TH |
Mt Pleasant Bearcats batting - Pitching for Reading Rainbows : RHP Chris Lee
|
Batting: RHB Ricardo Salazar
|
0-0: Swinging Strike 0-1: Swinging Strike 0-2: Ball 1-2: Strikes out swinging
|
Batting: RHB Pat Fernández
|
0-0: Swinging Strike 0-1: Ball 1-1: Ball 2-1: Called Strike 2-2: Strikes out swinging
|
Batting: RHB Nicoli Turina
|
0-0: Ball 1-0: Fly out, F8 (Flyball, 8RD)
|
Top of the 9th over - 0 run(s), 0 hit(s), 0 error(s), 0 left on base; Mt Pleasant 2 - Reading 1 |
BOTTOM OF THE 9TH |
Reading Rainbows batting - Pitching for Mt Pleasant Bearcats : LHP José Chávez
|
Pitching: LHP Bob Quested
|
|
Now at 3B: Ramiro Chávez
|
|
Now in LF: Carlos Luna
|
|
Batting: LHB Miguel Colón
|
0-0: Ball 1-0: Ball 2-0: Foul Ball, location: 2F 2-1: Foul Ball, location: 2F 2-2: Ball 3-2: Strikes out looking
|
Batting: RHB Ron King
|
0-0: Called Strike 0-1: Ground out 4-3 (Groundball, 4)
|
Batting: RHB Dan Banks
|
0-0: Ball 1-0: Foul Ball, location: 2F 1-1: Foul Ball, location: 2F 1-2: Fly out, F5 (Line Drive, 56)
|
Bottom of the 9th over - 0 run(s), 0 hit(s), 0 error(s), 0 left on base; Mt Pleasant 2 - Reading 1 |
|